 Dungeon Crawl Stone Soup version 0.26-a0-651-gb41185065b (webtiles) character file.

Game seed: 12723884351289039859

627690 Lovchig the Hoplite (level 26, 0/265 (266) HPs)
             Began as a Deep Dwarf Fighter on Sept 25, 2020.
             Was the Champion of Makhleb.
             Slain by a jiangshi (1 damage)
             ... summoned by a greater mummy
             ... on level 2 of the Tomb of the Ancients on Sept 30, 2020.
             The game lasted 02:37:20 (48690 turns).

Lovchig the Hoplite (Deep Dwarf Fighter)           Turns: 48690, Time: 02:37:21

HP:   0/265 (266)   AC: 55    Str: 41 (42) XL:     26   Next: 69%
MP:   5/5           EV: 10    Int:  9 (12) God:    Makhleb [******]
Gold: 7059          SH:  0    Dex:  6 (7)  Spells: 25/25 levels left

rFire    + + +     SeeInvis .   a - +9 war axe (freeze)
rCold    + . .     Faith    .   X - +4 tower shield
rNeg     + + +     Spirit   .   J - +18 crystal plate armour "Borif" {rC+ rN+}
rPois    .         Reflect  +   r - -1 helmet of the Northern Lights {rC- Str+10 Slay+2}
rElec    .         Harm     .   K - scarf {rC+ rF+}
rCorr    +         Rampage  .   O - +1 pair of gloves "Qokh" {rF+ rN+ MR+ rCorr}
MR       +++++     Rnd*Tele +   R - +1 pair of boots "Vasyjo" {*Contam MR+++ Dex-3 Stlth+}
Stlth    ..........             S - amulet of reflection
HPRegen  0.00/turn              D - ring of Tefew {rF+ AC+4 Stlth+}
MPRegen  0.09/turn              T - ring of Paalamy {EV+4 Str+5}

@: lethally poisoned (0 -> -102), flayed, held, non-regenerating, badly
diseased, slowed, very slow
A: damage resistance, heal wounds, talons 1, rugged brown scales 1, clumsy 1,
deterioration 2, magic resistance 1, mutation resistance 1, negative energy
resistance 1, sense surroundings 3, teleportitis 1, weak 1, no regeneration
}: 4/15 runes: serpentine, barnacled, slimy, silver
a: Heal Wounds, Minor Destruction, Lesser Servant of Makhleb, Major Destruction,
Greater Servant of Makhleb, Renounce Religion


You were on level 2 of the Tomb of the Ancients.
You worshipped Makhleb.
Makhleb was exalted by your worship.
You visited 12 branches of the dungeon, and saw 52 of its levels.
You visited 1 bazaar.
You also visited: Ossuary, Gauntlet, Ice Cave, Volcano and Wizlab.

You collected 8327 gold pieces.
You spent 1268 gold pieces at shops.

Inventory:

Hand Weapons
 a - a +9 war axe of freezing (weapon)
 i - a +5 broad axe of electrocution
 F - a +9 scimitar of flaming
Armour
 r - the -1 helmet of the Northern Lights (worn) {rC- Str+10 Slay+2}
   (You bought it in a shop on level 1 of the Elven Halls)

   It affects your strength (+10).
   It affects your accuracy and damage with ranged weapons and melee attacks
   (+2).
   It makes you vulnerable to cold.
 J - the +18 crystal plate armour "Borif" (worn) {rC+ rN+}
   (You found it on level 2 of the Vaults)

   It protects you from cold.
   It protects you from negative energy.
 K - a scarf of resistance (worn)
 O - the +1 pair of gloves "Qokh" (worn) {rF+ rN+ MR+ rCorr}
   (You found it on level 12 of the Dungeon)

   It protects you from fire.
   It protects you from negative energy.
   It affects your resistance to hostile enchantments.
   It provides partial protection from all sources of acid and corrosion.
 R - the +1 pair of boots "Vasyjo" (worn) {*Contam MR+++ Dex-3 Stlth+}
   (You bought it in a shop on level 2 of the Orcish Mines)

   It affects your dexterity (-3).
   It affects your resistance to hostile enchantments.
   It causes magical contamination when unequipped.
   It makes you more stealthy.
 X - a +4 tower shield (worn)
Jewellery
 D - the ring of Tefew (left hand) {rF+ AC+4 Stlth+}
   (You found it on level 2 of the Elven Halls)

   [ring of protection]

   It affects your AC (+4).
   It protects you from fire.
   It makes you more stealthy.
 S - an amulet of reflection (around neck)
 T - the ring of Paalamy (right hand) {EV+4 Str+5}
   (You found it on level 5 of the Pits of Slime)

   [ring of evasion]

   It affects your evasion (+4).
   It affects your strength (+5).
Wands
 f - a wand of digging (21)
 m - a wand of acid (38)
 y - a wand of polymorph (99)
 E - a wand of enslavement (18)
 H - a wand of flame (126)
 I - a wand of iceblast (32)
 L - a wand of disintegration (66)
Scrolls
 k - 20 scrolls of remove curse
 o - 12 scrolls of fear
 q - 7 scrolls of fog
 t - 22 scrolls of teleportation
 v - 7 scrolls of magic mapping
 w - 12 scrolls of identify
 M - a scroll of holy word
 N - 4 scrolls of blinking
 Y - 3 scrolls of silence
Potions
 b - 3 potions of magic
 d - 8 potions of might
 e - 9 potions of stabbing
 g - 11 potions of haste
 j - 7 potions of heal wounds
 l - 3 potions of cancellation
 n - 9 potions of lignification
 p - 18 potions of curing
 u - 10 potions of brilliance
 x - 4 potions of berserk rage
 C - 8 potions of invisibility
 G - 7 potions of flight
 Q - a potion of resistance
 V - 3 potions of ambrosia
Miscellaneous
 c - a box of beasts (3/3)
 s - a tin of tremorstones (3/3)
 z - a box of beasts (3/3)
 A - a tin of tremorstones (3/3)
 B - a phantom mirror
 P - a phantom mirror
 U - a tin of tremorstones (3/3)
 W - a phial of floods
 Z - a tin of tremorstones (3/3)


   Skills:
 * Level 19.5 Fighting
 * Level 24.0 Axes
 * Level 18.5 Armour
 * Level 17.3 Dodging
 * Level 26.7 Shields


You had 25 spell levels left.
You didn't know any spells.
Your spell library contained the following spells:

 Spells                   Type           Power        Failure   Level
 Animate Skeleton         Necr           #.....       94%         1
 Apportation              Tloc           #.....       94%         1
 Corona                   Hex            #......      94%         1
 Foxfire                  Conj/Fire      #...         94%         1
 Freeze                   Ice            #...         94%         1
 Magic Dart               Conj           #...         94%         1
 Pain                     Necr           #...         94%         1
 Sandblast                Erth           #.....       94%         1
 Shock                    Conj/Air       #...         94%         1
 Sting                    Tmut/Pois      #...         94%         1
 Summon Small Mammal      Summ           #...         94%         1
 Blink                    Tloc           N/A          98%         2
 Call Imp                 Summ           #.......     98%         2
 Ensorcelled Hibernation  Hex/Ice        #.....       98%         2
 Passwall                 Tmut/Erth      #.......     98%         2
 Poisonous Vapours        Pois/Air       #.....       98%         2
 Slow                     Hex            #.......     98%         2
 Sublimation of Blood     Necr           #.........   98%         2
 Swiftness                Air            #.......     98%         2
 Call Canine Familiar     Summ           #.......     100%        3
 Confusing Touch          Hex            #.......     100%        3
 Conjure Flame            Conj/Fire      #.......     100%        3
 Dazzling Flash           Conj/Hex       #.....       100%        3
 Frozen Ramparts          Ice            #.....       100%        3
 Gell's Gravitas          Tloc           #.........   100%        3
 Ignite Poison            Fire/Tmut/Pois #.......     100%        3
 Inner Flame              Hex/Fire       #.......     100%        3
 Lesser Beckoning         Tloc           #.........   100%        3
 Mephitic Cloud           Conj/Pois/Air  #.......     100%        3
 Ozocubu's Armour         Ice            #.......     100%        3
 Portal Projectile        Hex/Tloc       #.....       100%        3
 Static Discharge         Conj/Air       #.......     100%        3
 Stone Arrow              Conj/Erth      #.....       100%        3
 Summon Guardian Golem    Hex/Summ       #.......     100%        3
 Teleport Other           Tloc           #.......     100%        3
 Tukima's Dance           Hex            #.......     100%        3
 Vampiric Draining        Necr           #.........   100%        3
 Airstrike                Air            #.........   100%        4
 Animate Dead             Necr           #.........   100%        4
 Cause Fear               Hex            #.........   100%        4
 Hailstorm                Conj/Ice       #.......     100%        4
 Ice Form                 Ice/Tmut       #.......     100%        4
 Leda's Liquefaction      Hex/Erth       #.........   100%        4
 Olgreb's Toxic Radiance  Pois           #.......     100%        4
 Passage of Golubria      Tloc           N/A          100%        4
 Petrify                  Tmut/Erth      #.......     100%        4
 Sticky Flame             Conj/Fire      #.......     100%        4
 Summon Ice Beast         Ice/Summ       #.......     100%        4
 Summon Lightning Spire   Summ/Air       #.......     100%        4
 Agony                    Necr           #.......     100%        5
 Alistair's Intoxication  Tmut/Pois      #........    100%        5
 Bolt of Magma            Conj/Fire/Erth #.........   100%        5
 Borgnjor's Vile Clutch   Necr/Erth      #.........   100%        5
 Fireball                 Conj/Fire      #.........   100%        5
 Irradiate                Conj/Tmut      #.........   100%        5
 Iskenderun's Battlesphe  Conj           #.......     100%        5
 Lee's Rapid Deconstruct  Erth           #.........   100%        5
 Lightning Bolt           Conj/Air       #.........   100%        5
 Metabolic Englaciation   Hex/Ice        #.........   100%        5
 Silence                  Hex/Air        #.........   100%        5
 Summon Demon             Summ           #.........   100%        5
 Summon Forest            Summ/Tloc      #.........   100%        5
 Summon Mana Viper        Hex/Summ       #.......     100%        5
 Yara's Violent Unravell  Hex/Tmut       #.........   100%        5
 Death Channel            Necr           #.........   100%        6
 Eringya's Noxious Bog    Tmut/Pois      #.........   100%        6
 Freezing Cloud           Conj/Ice/Air   #.........   100%        6
 Hydra Form               Tmut           #.........   100%        6
 Invisibility             Hex            #.......     100%        6
 Iron Shot                Conj/Erth      #.........   100%        6
 Ozocubu's Refrigeration  Ice            #.........   100%        6
 Shadow Creatures         Summ           N/A          100%        6
 Simulacrum               Ice/Necr       #.........   100%        6
 Starburst                Conj/Fire      #.........   100%        6
 Statue Form              Tmut/Erth      #........    100%        6
 Dragon Form              Tmut           #.........   100%        7
 Malign Gateway           Summ/Tloc      #.........   100%        7
 Monstrous Menagerie      Summ           #.........   100%        7
 Orb of Destruction       Conj           #.........   100%        7
 Spellforged Servitor     Conj/Summ      #.........   100%        7
 Summon Greater Demon     Summ           #.........   100%        7
 Summon Hydra             Summ           #.........   100%        7
 Ignition                 Fire           #.........   100%        8
 Summon Horrible Things   Summ           #.........   100%        8
 Dragon's Call            Summ           #.........   100%        9


Dungeon Overview and Level Annotations

Branches:
Dungeon (15/15)            Temple (0/1) D:5            Lair (6/6) D:9
 Shoals (4/4) Lair:3        Snake (4/4) Lair:3        Slime (5/5) Lair:6
    Orc (2/2) D:9             Elf (3/3) Orc:2        Vaults (5/5) D:13
  Crypt (3/3) Vaults:2       Tomb (2/3) Crypt:3      Depths (2/5) D:15
   Hell (visited)         Ossuary (visited)           IceCv (visited)
Volcano (visited)          WizLab (visited)         Gauntlet (visited)
    Dis: Hell:1         Geh: Hell:1         Coc: Hell:1         Tar: Hell:1

Altars:
Ashenzari
Cheibriados
Elyvilon
Hepliaklqana
Kikubaaqudgha
Makhleb
Okawaru
Ru
Sif Muna
Vehumet
Xom
Yredelemnul
Zin
The Shining One
Jiyva

Shops:
D:5 !   D:12 ?   Orc:2 :=[:[   Elf:1 [   Elf:2 *   Shoals:3 =   Snake:1 :
Snake:2 !=   Vaults:3 *

Portals:
Hell: Depths:1 Depths:2
Abyss: Depths:2

Annotations:
D:11 1 runed translucent door
Hell Geryon, Murray


Innate Abilities, Weirdness & Mutations

You are resistant to damage.
You can heal yourself by infusing magical energy.
You resist negative energy. (rN+)
You passively map a large area around you.
You do not regenerate.
You have sharp toenails.
You are partially covered in rugged brown scales. (AC +1, +3% HP)
You are clumsy. (Dex -2)
Your body often deteriorates upon taking damage.
You are resistant to hostile enchantments. (MR+)
You are somewhat resistant to further mutation.
You are occasionally teleported next to monsters.
You are weak. (Str -2)


Message History

The sixfirhy misses you.
The sixfirhy hits you but does no damage.
The jiangshi claws you!
* * * LOW HITPOINT WARNING * * *
The jiangshi completely misses you. The sixfirhy closely misses you.
The quasit barely misses you.
The quasit claws you but does no damage. x2
The jiangshi claws you but does no damage. x2
The phantasmal warrior blinks!
The greater mummy hits you. The sixfirhy closely misses you.
The greater mummy mumbles some strange words.
The spectral ice dragon barely misses you.
The spectral ice dragon closely misses you.
The spectral ice dragon tramples you.
* * * LOW HITPOINT WARNING * * *
The greater mummy mumbles some strange words.
Something hits you but does no damage. The quasit barely misses you.
The quasit claws you but does no damage.
The quasit closely misses you. The jiangshi claws you.
You die...

^ , ,,,, , , , * , ,
#... .... * *, ,*
##... , .... , * ,, *
#.... , ..n.. , ##....
*#MZZ.. * * ,
..zzz##.W...., , * ,
,, , M48zSV83.Z.. , ,
, #Z54ZM5Z.W# , *, ,
,, ,
M##.@M3S....##.,,, , ,
,, ,.W.z.W33V§M.M.....
* ^ ,
...n.zz33zWz.W..8. , *
....zMzMWZ...z....
,*,...Wz4MMzM4MWWz...,
, , ........MMS)bzZ...
*, ^ ,
,#..MM^.WS§M5MM.... ,
, , ,
##....§§.z§.....W.,, *
....§§..§○...$., ,*


You could see 5 greater mummies, a bennu, 3 mummy priests, 2 jiangshi, a soul
eater (summoned), 5 flayed ghosts, a sun demon (summoned), 2 phantasmal
warriors, 4 mana vipers, a hellwing (summoned), a guardian mummy, 2 ushabtiu, an
ice devil (summoned), 2 rust devils, a spectral anaconda (summoned), a spectral
dire elephant (summoned), a spectral ice dragon (summoned), a spectral stone
giant (summoned), 3 sixfirhies, a neqoxec (summoned), 3 wraiths, 2 necrophages,
12 flying skulls, 10 mummies, an iron imp (summoned), 5 wights, a quasit
(summoned), a shadow imp (summoned), an orc zombie (summoned), a dire elephant
skeleton (summoned), a fire dragon skeleton (summoned) and a red draconian
skeleton (summoned).

Vanquished Creatures
  3 ancient liches
  Mara (Crypt:3)
  3 greater mummies
  Boris (Crypt:1)
  Sojobo (Tomb:2)
  Margery (Vaults:4)
  Frederick (Vaults:4)
  5 golden dragons
  Jorgrun (Elf:1)
  3 tentacled monstrosities
  A shard shrike skeleton (Crypt:2)
  8 liches
  3 deep elf blademasters
  An Ice Fiend (IceCv)
  Asterion (Depths:2)
  2 titans (Vaults:5)
  10 sphinxes
  A sphinx (shapeshifter) (Vaults:5)
  2 deep elf master archers (Elf:3)
  26 acid blobs
  A shadow dragon (Vaults:5)
  Ilsuiw (Shoals:3)
  Gastronok (D:10)
  An ancient champion (Crypt:2)
  7 tengu reavers
  19 azure jellies
  4 fire giants
  3 revenants
  7 nagarajas (Snake:4)
  2 frost giants
  7 deep elf sorcerers
  15 vault wardens
  3 iron dragons
  5 deep elf elementalists
  Aizul (Vaults:4)
  2 ghouls (Crypt:2)
  3 curse skulls (Crypt:1)
  6 reapers
  16 ironheart preservers
  A spriggan defender (Depths:2)
  2 war gargoyles
  13 stone giants
  12 deep elf annihilators
  7 very ugly things
  14 deep elf demonologists
  5 vampire knights (Crypt:1)
  Nessos (Lair:5)
  2 bennus (Tomb:1)
  2 entropy weavers
  A dire elephant (shapeshifter) (Vaults:1)
  A dire elephant (Lair:6)
  A minotaur (Gauntlet)
  14 eidola
  11 ettins
  4 merfolk javelineers
  5 mummy priests (Tomb:1)
  Snorg (Lair:4)
  5 merfolk impalers (Shoals:4)
  2 quicksilver dragon zombies (Crypt:3)
  8 death oozes
  3 deep elf high priests
  8 deep elf death magi
  7 great orbs of eyes
  9 jiangshi
  8 fire dragons
  Fannar (Orc:1)
  A great orb of eyes (shapeshifter) (Elf:1)
  29 vault guards
  Erolcha (D:11)
  2 rakshasas (Depths:1)
  12 yaktaur captains
  8 ice dragons
  13 naga warriors
  13 anacondas
  3 spriggan air magi
  A catoblepas (D:13)
  2 merfolk avatars (Shoals:2)
  4 death knights
  A merfolk aquamancer (Shoals:4)
  36 two-headed ogres
  A two-headed ogre (shapeshifter) (Vaults:2)
  5 hydras
  3 satyrs
  An alligator snapping turtle (Shoals:4)
  The ghost of harkrass the Basher, a novice MiFi of the Shining One (D:11)
  8 centaur warriors
  2 hell hogs (Depths:1)
  11 ogre magi
  4 death scarabs (Tomb:2)
  8 deep troll shamans
  The ghost of Poclax the Fighter, a novice DsFi of Makhleb (D:13)
  A titan zombie (Crypt:3)
  8 deep troll earth magi
  An orc high priest (Orc:2)
  5 tengu warriors
  2 spriggan berserkers
  23 dancing weapons
  12 vampire magi
  4 shock serpents
  A shock serpent (shapeshifter) (D:15)
  2 large abominations (Gauntlet)
  3 hell knights
  4 soul eaters
  17 deep elf knights
  An iron troll (Depths:2)
  10 naga sharpshooters
  2 titan skeletons
  5 shadow wraiths
  A salamander mystic (Snake:1)
  2 flayed ghosts (Vaults:4)
  A deep troll (shapeshifter) (Vaults:5)
  2 glowing orange brains (Vaults:4)
  25 skeletal warriors
  9 naga ritualists
  9 unseen horrors
  16 sea snakes
  A kraken simulacrum (Shoals:4)
  19 deep trolls
  A glowing orange brain (shapeshifter) (Vaults:5)
  3 wizards
  2 lindwurms (Lair:6)
  23 necromancers
  20 ironbrand convokers
  15 orc knights
  64 deep elf magi
  22 harpies
  14 mana vipers
  17 deep elf archers
  An orb spider (shapeshifter) (Vaults:3)
  A harpy (shapeshifter) (Vaults:1)
  A fire giant zombie (Crypt:3)
  19 phantasmal warriors
  46 ugly things
  A moth of wrath (shapeshifter) (Vaults:5)
  7 orc sorcerers
  9 fauns
  A frost giant zombie (Crypt:3)
  4 oklob plants (Lair:3)
  8 cyclopes
  A stone giant zombie (Vaults:3)
  6 shining eyes
  8 salamanders
  6 elephants (Lair:6)
  8 wolf spiders
  A sphinx skeleton (Crypt:1)
  14 manticores
  A stone giant skeleton (Crypt:3)
  8 merfolk sirens
  31 naga magi
  4 guardian serpents
  A guardian serpent (shapeshifter) (Elf:1)
  A dire elephant zombie (Crypt:3)
  30 black mambas
  2 molten gargoyles (Volcano)
  15 vault sentinels
  2 ice statues (IceCv)
  6 torpor snails
  A shock serpent zombie (Crypt:3)
  3 eyes of devastation
  A smoke demon (Volcano)
  7 water nymphs
  5 cane toads
  A gargoyle (D:15)
  9 freezing wraiths
  A kobold demonologist (D:15)
  2 anaconda simulacra (IceCv)
  A rime drake (shapeshifter) (Vaults:4)
  A redback zombie (D:15)
  29 yaktaurs
  An emperor scorpion zombie (Crypt:3)
  11 guardian mummies
  A tengu conjurer (D:13)
  12 komodo dragons
  A golden dragon simulacrum (IceCv)
  2 minotaur zombies (Gauntlet)
  A komodo dragon (shapeshifter) (Vaults:4)
  8 ice devils (IceCv)
  13 hellwings (Crypt:3)
  A grey draconian skeleton (Crypt:2)
  A catoblepas skeleton (Crypt:1)
  A green draconian zombie (Crypt:2)
  A human skeleton (Vaults:2)
  A red devil (Volcano)
  A merfolk (shapeshifter) (Vaults:5)
  29 merfolk
  A troll (shapeshifter) (Vaults:3)
  3 meliai (D:15)
  A wind drake (shapeshifter) (Vaults:4)
  14 polar bears (Lair:6)
  A polar bear (shapeshifter) (Depths:2)
  A wolf spider simulacrum (D:14)
  A harpy zombie (Crypt:3)
  11 trolls
  4 wind drakes
  A hydra zombie (Crypt:3)
  A tengu simulacrum (Vaults:2)
  A hornet (shapeshifter) (Depths:2)
  14 hippogriffs
  11 hornets
  123 slime creatures
  2 bog bodies (Crypt:2)
  Grinder (D:5)
  A raiju (Lair:6)
  3 tyrant leeches (Lair:6)
  2 hydra skeletons (Crypt:3)
  25 blink frogs
  6 snapping turtles
  A raiju (shapeshifter) (Vaults:5)
  2 ettin zombies
  2 ice dragon zombies
  21 dream sheep
  8 flying skulls
  2 redbacks (Vaults:3)
  56 yaks
  A vampire (D:12)
  A tarantella (Vaults:3)
  8 water elementals
  A fire dragon skeleton (Crypt:3)
  3 wyverns
  4 air elementals
  10 wraiths
  A centaur simulacrum (D:11)
  2 shadows (D:15)
  5 fire elementals
  3 dire elephant simulacra (IceCv)
  A ynoxinul (Gauntlet)
  5 ushabtiu
  2 humans (D:8)
  An alligator skeleton (Crypt:3)
  2 basilisks
  2 fire bats (Volcano)
  4 neqoxecs (D:13)
  15 golden eyes (Slime:4)
  A steam dragon (D:14)
  5 vampire mosquitoes
  A yaktaur simulacrum (Vaults:3)
  Menkaure (D:4)
  The ghost of Sassenached the Vandal, an amateur HaWn (D:4)
  11 wargs
  A hydra simulacrum (IceCv)
  A harpy simulacrum (IceCv)
  2 acid dragons
  A merfolk zombie (Crypt:2)
  29 nagas
  A cane toad zombie (Crypt:3)
  2 iron troll simulacra (IceCv)
  22 hell hounds
  6 water moccasins
  A floating eye (shapeshifter) (Vaults:5)
  An infernal demonspawn skeleton (Crypt:2)
  9 porcupines
  13 black bears
  A meliai simulacrum (D:11)
  41 orc warriors
  4 ice beasts
  A sky beast (D:13)
  8 small abominations
  4 boggarts (Vaults:3)
  3 necrophages
  40 ogres
  10 eyes of draining
  4 phantoms
  A manticore zombie (Crypt:3)
  An ogre (shapeshifter) (Vaults:1)
  17 wolves
  10 crocodiles
  An elf skeleton (Vaults:3)
  25 centaurs
  A hog skeleton (Crypt:2)
  2 big kobolds
  17 bullfrogs
  A gnoll sergeant (D:6)
  2 human zombies
  4 earth elementals
  8 wyvern skeletons (Crypt:3)
  4 scorpions
  A yak zombie (Crypt:2)
  10 wights
  A howler monkey (D:12)
  2 electric eels (Elf:3)
  A vampire bat (D:3)
  4 centaur zombies
  6 lava snakes (Volcano)
  2 bullfrog zombies
  7 hounds
  20 orc priests
  5 centaur skeletons
  5 quasits
  A black bear zombie (Crypt:2)
  7 jellies
  38 orc wizards
  Crazy Yiuf (D:7)
  6 iguanas
  2 iron imps (Gauntlet)
  Jessica (D:2)
  3 bullfrog skeletons
  16 worker ants
  2 big kobold zombies (Crypt:1)
  An ogre zombie (Crypt:3)
  A tengu zombie (Crypt:3)
  A deep dwarf skeleton (Crypt:1)
  2 hound skeletons
  13 mummies
  2 howler monkey zombies
  A worker ant zombie (D:5)
  Robin (D:4)
  3 gnolls (D:6)
  A river rat (D:5)
  A swamp drake zombie (Crypt:2)
  13 adders
  6 shadow imps
  An ooze (D:2)
  5 ufetubi
  An adder zombie (D:5)
  4 worms
  A barachi zombie (Crypt:1)
  2 dart slugs
  4 leopard geckos
  116 orcs
  13 bats
  4 giant cockroaches
  21 goblins
  11 hobgoblins
  25 jackals
  18 kobolds
  4 quokkas
  2 ball pythons
  7 frilled lizards
  2 goblin zombies (Ossuary)
  2 hobgoblin zombies (Ossuary)
  3 kobold zombies (Ossuary)
  A leopard gecko skeleton (D:3)
  10 rats
  A bush (Elf:3)
  4 crawling corpses (Elf:3)
2413 creatures vanquished.

Vanquished Creatures (collateral kills)
  the Royal Jelly (Slime:5)
  4 azure jellies (Slime:5)
  3 death oozes (Slime:5)
  A merfolk avatar (Shoals:1)
  A phantasmal warrior (Vaults:5)
  An ugly thing (Depths:1)
  A wolf spider (Vaults:5)
  A cyclops (Shoals:1)
  A yaktaur (Depths:1)
  2 merfolk (Shoals:1)
  A snapping turtle (Shoals:1)
  2 slime creatures (Slime:5)
19 creatures vanquished.

Vanquished Creatures (others)
  A nagaraja (Snake:4)
  A deep elf annihilator (Elf:3)
  A merfolk impaler (Shoals:4)
  A deep elf mage (Elf:2)
  A manticore (Shoals:4)
  A naga mage (Snake:4)
  A naga (Snake:4)
  3 wolves (Lair:6)
  A demonspawn zombie (Crypt:1)
  An orc priest (Orc:2)
  An orc wizard (Orc:2)
  A worker ant (D:6)
  11 demonic plants (Gauntlet)
  27 fungi
  121 plants
  4 tentacles (Shoals:4)
  14 withered plants (Crypt:3)
191 creatures vanquished.

Grand Total: 2623 creatures vanquished

Notes
Turn   | Place    | Note
-------+----------+-------------------------------------------
     0 | D:1      | Lovchig the Deep Dwarf Fighter began the quest for the Orb.
     0 | D:1      | Reached XP level 1. HP: 20/20 MP: 1/1
    94 | D:1      | Reached XP level 2. HP: 27/27 MP: 2/2
   874 | D:2      | Reached XP level 3. HP: 26/34 MP: 3/3
  1034 | D:2      | Reached skill level 1 in Dodging
  1034 | D:2      | Reached XP level 4. HP: 31/42 MP: 4/4
  1037 | D:2      | Found a burning altar of Makhleb.
  1044 | D:2      | Became a worshipper of Makhleb the Destroyer
  1075 | D:2      | Found a snail-covered altar of Cheibriados.
  1434 | D:2      | Noticed Jessica
  1439 | D:2      | Killed Jessica
  1439 | D:2      | Reached skill level 4 in Shields
  1439 | D:2      | Reached XP level 5. HP: 28/49 MP: 5/5
  1935 | D:3      | Reached * piety under Makhleb
  2676 | D:4      | Noticed Robin
  2686 | D:4      | Reached XP level 6. HP: 45/56 MP: 6/6
  2689 | D:4      | Reached ** piety under Makhleb
  2696 | D:4      | Killed Robin
  2727 | D:4      | Found a transporter.
  2736 | D:4      | Reached skill level 5 in Axes
  2756 | D:4      | Noticed an orc warrior
  2888 | D:4      | Found a shimmering blue altar of Sif Muna.
  2942 | D:4      | Noticed Menkaure
  2949 | D:4      | Killed Menkaure
  2949 | D:4      | Reached XP level 7. HP: 35/63 MP: 7/7
  3132 | D:4      | Noticed Sassenached's ghost (amateur HaWn)
  3133 | D:4      | Found a transporter.
  3480 | D:4      | Found a basalt altar of Yredelemnul.
  3526 | D:4      | Found a glowing golden altar of the Shining One.
  3529 | D:4      | Noticed an angel
  3539 | D:4      | Noticed a profane servitor
  3883 | D:4      | Reached skill level 5 in Armour
  3883 | D:4      | Reached skill level 5 in Shields
  3902 | D:4      | Killed Sassenached's ghost
  3959 | D:5      | Entered Level 5 of the Dungeon
  4008 | D:5      | Reached XP level 8. HP: 48/72 MP: 5/5
  4200 | D:5      | Reached *** piety under Makhleb
  4268 | D:5      | Found Dukerr's Distillery.
  4296 | D:5      | Found a staircase to the Ecumenical Temple.
  4428 | D:5      | Noticed Grinder
  4433 | D:5      | Paralysed by Grinder for 4 turns
  4444 | D:5      | Killed Grinder
  5007 | D:6      | Reached skill level 6 in Shields
  5007 | D:6      | Gained mutation: You passively map the area around you.
                  | [Deep Dwarf growth]
  5007 | D:6      | Reached XP level 9. HP: 51/79 MP: 6/6
  5057 | D:6      | Reached **** piety under Makhleb
  5194 | D:6      | Found a glowing silver altar of Zin.
  5196 | D:6      | Noticed an angel
  5247 | D:6      | Found a shimmering altar of Xom.
  5258 | D:6      | Reached skill level 5 in Fighting
  5374 | D:7      | Found a burning altar of Makhleb.
  5374 | D:7      | Found a sacrificial altar of Ru.
  5427 | D:7      | Found a sand-covered staircase.
  5432 | Ossuary  | Entered an ossuary
  5766 | Ossuary  | Gained mutation: You have a pair of small antennae on your
                  | head. [potion of mutation]
  5766 | Ossuary  | Gained mutation: You have an increased reservoir of magic.
                  | (+10% MP) [potion of mutation]
  5766 | Ossuary  | Gained mutation: You can translocate small distances at
                  | will. [potion of mutation]
  5767 | Ossuary  | Lost mutation: You have a pair of small antennae on your
                  | head. [potion of mutation]
  5767 | Ossuary  | Lost mutation: You can translocate small distances at will.
                  | [potion of mutation]
  5767 | Ossuary  | Lost mutation: You have an increased reservoir of magic.
                  | (+10% MP) [potion of mutation]
  5767 | Ossuary  | Gained mutation: You are frail. (-10% HP) [potion of
                  | mutation]
  5767 | Ossuary  | Gained mutation: You expend magic power (3 MP) to
                  | strengthen your wands. [potion of mutation]
  5767 | Ossuary  | Gained mutation: You are resistant to hostile enchantments.
                  | (MR+) [potion of mutation]
  5767 | Ossuary  | Gained mutation: You have supernaturally acute eyesight.
                  | (SInv) [potion of mutation]
  5937 | D:7      | Lost mutation: You expend magic power (3 MP) to strengthen
                  | your wands. [potion of mutation]
  5937 | D:7      | Lost mutation: You have supernaturally acute eyesight.
                  | (SInv) [potion of mutation]
  5937 | D:7      | Gained mutation: Your body sometimes deteriorates upon
                  | taking damage. [potion of mutation]
  5937 | D:7      | Gained mutation: You are dopey. (Int -2) [potion of
                  | mutation]
  5937 | D:7      | Gained mutation: Your flesh is heat resistant. (rF+)
                  | [potion of mutation]
  6246 | D:7      | Found a runed translucent door.
  6247 | D:7      | Noticed Crazy Yiuf
  6255 | D:7      | Killed Crazy Yiuf
  6505 | D:7      | Found a shattered altar of Ashenzari.
  6786 | D:8      | Reached skill level 10 in Axes
  6837 | D:8      | Noticed a two-headed ogre
  6848 | D:8      | Reached skill level 7 in Shields
  6848 | D:8      | Reached ***** piety under Makhleb
  6858 | D:8      | Killed a two-headed ogre
  6858 | D:8      | Reached skill level 5 in Dodging
  6858 | D:8      | Reached XP level 10. HP: 39/79 MP: 7/7
  6880 | D:8      | Found an iron altar of Okawaru.
  7407 | D:9      | Found a staircase to the Orcish Mines.
  7579 | D:9      | Reached skill level 8 in Shields
  7623 | D:9      | Found a white marble altar of Elyvilon.
  7625 | D:9      | Found a hazy altar of Hepliaklqana.
  7627 | D:9      | Found a radiant altar of Vehumet.
  7642 | D:9      | Found a shattered altar of Ashenzari.
  7829 | D:9      | Found a staircase to the Lair.
  7926 | D:10     | Entered Level 10 of the Dungeon
  7944 | D:10     | Noticed Gastronok
  7965 | D:10     | Killed Gastronok
  8115 | D:10     | Reached XP level 11. HP: 80/89 MP: 8/8
  8154 | D:10     | Noticed a two-headed ogre
  8165 | D:10     | Killed a two-headed ogre
  8257 | D:10     | Killed an unseen horror
  8290 | D:10     | Noticed a two-headed ogre
  8297 | D:10     | Killed a two-headed ogre
  8714 | D:11     | Reached skill level 9 in Shields
  8718 | D:11     | Found a runed translucent door.
  8723 | D:11     | Noticed a skeletal warrior
  8755 | D:11     | Noticed a brown ugly thing
  8767 | D:11     | Killed a brown ugly thing
  8816 | D:11     | Noticed Erolcha
  8823 | D:11     | Killed Erolcha
  8879 | D:11     | Reached ****** piety under Makhleb
  9000 | D:11     | Noticed a red ugly thing
  9014 | D:11     | Killed a red ugly thing
  9070 | D:11     | Noticed a green ugly thing
  9084 | D:11     | Killed a green ugly thing
  9134 | D:11     | Found a runed translucent door.
  9145 | D:11     | Noticed a war gargoyle
  9146 | D:11     | Noticed a necromancer
  9147 | D:11     | Noticed a centaur warrior
  9147 | D:11     | Noticed a deep troll earth mage
  9147 | D:11     | Noticed a skeletal warrior
  9147 | D:11     | Noticed a lich
  9148 | D:11     | Noticed harkrass's ghost (novice MiFi)
  9148 | D:11     | Noticed a skeletal warrior
  9463 | D:11     | Identified the +6 plate armour "Paivew" {rN+ Int+3 Dex-5}
  9813 | D:11     | Killed a skeletal warrior
  9835 | D:11     | Killed harkrass's ghost
  9844 | D:11     | Killed a centaur warrior
  9844 | D:11     | Reached XP level 12. HP: 68/98 MP: 9/9
  9890 | D:11     | Killed a war gargoyle
  9907 | D:11     | Killed a deep troll earth mage
  9923 | D:11     | Reached skill level 10 in Shields
  9957 | D:11     | Killed a lich
 10032 | D:12     | Noticed a two-headed ogre
 10042 | D:12     | Killed a two-headed ogre
 10042 | D:12     | Reached skill level 10 in Armour
 10257 | D:12     | Found Tyshraroll's Magic Scroll Boutique.
 10345 | D:12     | Noticed a six-headed hydra
 10354 | D:12     | Killed a six-headed hydra
 10408 | D:12     | Got a pair of spiked gloves
 10430 | D:12     | Identified the +1 pair of gloves "Qokh" {rF+ rN+ MR+ rCorr}
                  | (You found it on level 12 of the Dungeon)
 10505 | D:12     | Noticed a two-headed ogre
 10514 | D:12     | Killed a two-headed ogre
 10620 | D:12     | Reached XP level 13. HP: 106/106 MP: 10/10
 10953 | D:13     | Reached skill level 15 in Axes
 11031 | D:13     | Found a gate to the Vaults.
 11085 | D:13     | Reached skill level 11 in Shields
 11481 | D:13     | Found a transporter.
 11490 | D:13     | Noticed Poclax's ghost (novice DsFi)
 11496 | D:13     | Found a transporter.
 11987 | D:13     | Gained mutation: Scrolls take you a little longer to read.
                  | [a neqoxec]
 12008 | D:13     | Killed Poclax's ghost
 12011 | D:13     | Got the ring of Discretion {Int+6}
 12025 | D:13     | Identified the ring of Discretion {rF- Str-2 Int+6 Dex+9
                  | Stlth+} (You found it on level 13 of the Dungeon)
 12029 | D:13     | Lost mutation: Scrolls take you a little longer to read.
                  | [potion of mutation]
 12029 | D:13     | Lost mutation: You are dopey. (Int -2) [potion of mutation]
 12029 | D:13     | Lost mutation: You are frail. (-10% HP) [potion of
                  | mutation]
 12029 | D:13     | Gained mutation: Scrolls take you a little longer to read.
                  | [potion of mutation]
 12029 | D:13     | Gained mutation: You are partially covered in rugged brown
                  | scales. (AC +1, +3% HP) [potion of mutation]
 12029 | D:13     | Gained mutation: You are dopey. (Int -2) [potion of
                  | mutation]
 12029 | D:13     | Gained mutation: You are highly resistant to hostile
                  | enchantments. (MR++) [potion of mutation]
 12676 | D:14     | Gained mutation: You resist negative energy. (rN+) [Deep
                  | Dwarf growth]
 12676 | D:14     | Reached XP level 14. HP: 113/133 MP: 11/11
 12681 | D:14     | Reached skill level 10 in Fighting
 12887 | D:15     | Entered Level 15 of the Dungeon
 13098 | D:15     | Reached skill level 12 in Shields
 13450 | D:15     | Found a staircase to the Depths.
 14203 | Orc:1    | Entered Level 1 of the Orcish Mines
 14203 | Orc:1    | Noticed Fannar
 14235 | Orc:1    | Killed Fannar
 14574 | Orc:2    | Entered Level 2 of the Orcish Mines
 14575 | Orc:2    | Found a staircase to the Elven Halls.
 14807 | Orc:2    | Found Jallewno's Armour Shop.
 14807 | Orc:2    | Found Maatisi's Armour Boutique.
 14807 | Orc:2    | Found Vixiul's Book Boutique.
 14813 | Orc:2    | Found Migune Pil's Jewellery Shop.
 14827 | Orc:2    | Bought the +1 pair of boots "Vasyjo" {*Contam MR+++ Dex-3
                  | Stlth+} for 260 gold pieces
 14829 | Orc:2    | Bought an uncursed amulet of reflection for 450 gold pieces
 15196 | Orc:2    | Found Pismuj's Book Boutique.
 15587 | Lair:1   | Entered Level 1 of the Lair of Beasts
 15962 | Lair:1   | Reached XP level 15. HP: 146/146 MP: 12/12
 16346 | Lair:2   | Found a gate leading to a gauntlet.
 16355 | Gauntlet | Entered a Gauntlet
 16355 | Gauntlet | Found a transporter.
 16355 | Gauntlet | Found a transporter.
 16356 | Gauntlet | Found a transporter.
 16357 | Gauntlet | Found a transporter.
 16357 | Gauntlet | Found a transporter.
 16360 | Gauntlet | Found a transporter.
 16364 | Gauntlet | Found a runed translucent door.
 16364 | Gauntlet | Found a runed translucent door.
 16367 | Gauntlet | Found a transporter.
 16368 | Gauntlet | Found a transporter.
 16369 | Gauntlet | Found a transporter.
 16371 | Gauntlet | Found a transporter.
 16371 | Gauntlet | Found a large runed translucent door.
 16372 | Gauntlet | Found a large runed translucent door.
 16373 | Gauntlet | Found a large runed translucent door.
 16373 | Gauntlet | Found a large runed translucent door.
 16373 | Gauntlet | Found a runed translucent door.
 16374 | Gauntlet | Found a large runed translucent door.
 16375 | Gauntlet | Found a large runed translucent door.
 16376 | Gauntlet | Found a large runed translucent door.
 16376 | Gauntlet | Found a large runed translucent door.
 16377 | Gauntlet | Found a runed translucent gate.
 16377 | Gauntlet | Found a runed translucent gate.
 16379 | Gauntlet | Found a transporter.
 16380 | Gauntlet | Found a transporter.
 16389 | Gauntlet | Found a runed translucent gate.
 16390 | Gauntlet | Found a large runed translucent door.
 16390 | Gauntlet | Found a large runed translucent door.
 16391 | Gauntlet | Found a large runed translucent door.
 16392 | Gauntlet | Found a large runed translucent door.
 16401 | Gauntlet | Found a large runed translucent door.
 16401 | Gauntlet | Found a large runed translucent door.
 16401 | Gauntlet | Found a runed translucent door.
 16402 | Gauntlet | Found a large runed translucent door.
 16403 | Gauntlet | Found a large runed translucent door.
 16550 | Gauntlet | Reached skill level 10 in Dodging
 16582 | Gauntlet | Lost mutation: You are dopey. (Int -2) [potion of mutation]
 16582 | Gauntlet | Lost mutation: Your flesh is heat resistant. (rF+) [potion
                  | of mutation]
 16582 | Gauntlet | Lost mutation: Your body sometimes deteriorates upon taking
                  | damage. [potion of mutation]
 16582 | Gauntlet | Gained mutation: You possess an exceptional clarity of
                  | mind. [potion of mutation]
 16582 | Gauntlet | Gained mutation: You have sharp toenails. [potion of
                  | mutation]
 16595 | Gauntlet | Reached skill level 13 in Shields
 16624 | Gauntlet | Got a brightly glowing marble ring
 16626 | Gauntlet | Identified the ring of Oseosmint {rPois rC+ MR+ Str-3
                  | Int+6} (You found it in a Gauntlet)
 17532 | Lair:3   | Found a dark tunnel.
 17539 | Volcano  | Entered a volcano
 17898 | Volcano  | Found a burning altar of Makhleb.
 18185 | Lair:3   | Found a staircase to the Snake Pit.
 18231 | Lair:3   | Found a staircase to the Shoals.
 18885 | Lair:3   | Got a ruby-encrusted plate armour
 18896 | Lair:3   | Identified the +3 plate armour "Saluit" {*Contam rN++ MP+9}
                  | (You found it on level 3 of the Lair of Beasts)
 19080 | Lair:4   | Noticed Snorg
 19113 | Lair:4   | Killed Snorg
 19836 | Lair:5   | Noticed Nessos
 19841 | Lair:5   | Found a shimmering altar of Xom.
 19852 | Lair:5   | Killed Nessos
 20145 | Lair:5   | Reached skill level 14 in Shields
 20321 | Lair:5   | Lost mutation: You possess an exceptional clarity of mind.
                  | [potion of mutation]
 20321 | Lair:5   | Lost mutation: Scrolls take you a little longer to read.
                  | [potion of mutation]
 20321 | Lair:5   | Lost mutation: You are highly resistant to hostile
                  | enchantments. (MR++) [potion of mutation]
 20321 | Lair:5   | Gained mutation: You are somewhat resistant to further
                  | mutation. [potion of mutation]
 20698 | Lair:6   | Entered Level 6 of the Lair of Beasts
 20745 | Lair:6   | Found a staircase to the Slime Pits.
 20746 | Lair:6   | Found a viscous altar of Jiyva.
 21124 | Lair:6   | Found a runed translucent door.
 21222 | Lair:6   | Reached XP level 16. HP: 149/156 MP: 13/13
 22257 | Shoals:1 | Entered Level 1 of the Shoals
 22275 | Shoals:1 | Reached skill level 15 in Shields
 23607 | Shoals:3 | Noticed Ilsuiw
 23650 | Shoals:3 | Killed Ilsuiw
 23664 | Shoals:3 | Found Lisof's Jewellery Emporium.
 24150 | Shoals:4 | Entered Level 4 of the Shoals
 24183 | Shoals:4 | Reached skill level 16 in Shields
 24231 | Shoals:4 | Found a frozen archway.
 24248 | IceCv    | Entered an ice cave
 24268 | IceCv    | Reached XP level 17. HP: 167/167 MP: 13/13
 24470 | IceCv    | Noticed an Ice Fiend
 24485 | IceCv    | Killed an Ice Fiend
 24496 | IceCv    | Got a shimmering hat
 24620 | IceCv    | Identified the cursed +0 hat of the Midnight Sun {+Blink
                  | MR+ Int+3 Slay+3} (You found it in an ice cave)
 25306 | Shoals:4 | Got a barnacled rune of Zot
 25341 | Shoals:4 | Reached skill level 17 in Shields
 25654 | Snake:1  | Entered Level 1 of the Snake Pit
 25688 | Snake:1  | Found Sanoro's Book Shoppe.
 26395 | Snake:2  | Found Avuroam's Jewellery Shop.
 26399 | Snake:2  | Found Ejyloith's Distillery.
 26496 | Snake:2  | Found a burning altar of Makhleb.
 27697 | Snake:3  | Gained mutation: You passively map a large area around you.
                  | [Deep Dwarf growth]
 27697 | Snake:3  | Reached XP level 18. HP: 179/179 MP: 13/13
 28293 | Snake:3  | Reached skill level 18 in Shields
 28476 | Snake:4  | Entered Level 4 of the Snake Pit
 28549 | Snake:4  | Found a flickering gateway to a bazaar.
 28554 | Bazaar   | Entered a bazaar
 28556 | Bazaar   | Found Oronloot's Antique Armour Boutique.
 28560 | Bazaar   | Found Pushreqe's Distillery.
 28560 | Bazaar   | Found Ceorokh's Armour Boutique.
 28561 | Bazaar   | Found Zoalutymn's Antique Weapon Boutique.
 28576 | Bazaar   | Bought a cursed +0 tower shield for 59 gold pieces
 29263 | Snake:4  | Got a serpentine rune of Zot
 29654 | Slime:1  | Entered Level 1 of the Pits of Slime
 30146 | Slime:1  | Identified a scroll of acquirement
 30146 | Slime:1  | Acquired 510 gold pieces
 30177 | Slime:2  | Reached skill level 19 in Shields
 30245 | Slime:2  | Reached XP level 19. HP: 188/188 MP: 14/14
 30570 | Slime:3  | Gained mutation: Your body sometimes deteriorates upon
                  | taking damage. [a shining eye]
 31255 | Slime:4  | Gained mutation: Your body often deteriorates upon taking
                  | damage. [a shining eye]
 31262 | Slime:4  | Gained mutation: You are occasionally teleported next to
                  | monsters. [a shining eye]
 31265 | Slime:4  | Reached skill level 15 in Armour
 31663 | Slime:5  | Entered Level 5 of the Pits of Slime
 31703 | Slime:5  | Reached skill level 15 in Fighting
 31750 | Slime:5  | Noticed the Royal Jelly
 31872 | Slime:5  | Gained mutation: You are weak. (Str -2) [a shining eye]
 31885 | Slime:5  | Found a viscous altar of Jiyva.
 32200 | Slime:5  | Killed the Royal Jelly
 32200 | Slime:5  | Reached skill level 20 in Shields
 32357 | Slime:5  | Got a slimy rune of Zot
 32386 | Slime:5  | Got a transparent marble ring
 32525 | Slime:5  | Reached XP level 20. HP: 118/199 MP: 8/8
 32553 | Slime:5  | Identified the ring of Paalamy {EV+4 Str+5} (You found it
                  | on level 5 of the Pits of Slime)
 33337 | Elf:1    | Entered Level 1 of the Elven Halls
 33547 | Elf:1    | Found Feoveoc's Antique Armour Shoppe.
 33551 | Elf:1    | Bought a scorched helmet for 275 gold pieces
 33565 | Elf:1    | Identified the cursed -1 helmet of the Northern Lights {rC-
                  | Str+10 Slay+2} (You bought it in a shop on level 1 of the
                  | Elven Halls)
 33792 | Elf:1    | Noticed Jorgrun
 33806 | Elf:1    | Killed Jorgrun
 34674 | Elf:2    | Found a runed translucent gate.
 34677 | Elf:2    | Found a runed translucent gate.
 34682 | Elf:2    | Found a runed translucent gate.
 34854 | Elf:2    | Found Jextiwot's General Store.
 34894 | Elf:2    | Bought a scroll of enchant weapon for 112 gold pieces
 34894 | Elf:2    | Bought a scroll of enchant weapon for 112 gold pieces
 34996 | Elf:2    | Reached skill level 21 in Shields
 35123 | Elf:2    | Got a faintly glowing ivory ring
 35125 | Elf:2    | Identified the ring of Tefew {rF+ AC+4 Stlth+} (You found
                  | it on level 2 of the Elven Halls)
 35220 | Elf:3    | Entered Level 3 of the Elven Halls
 35727 | Elf:3    | Reached XP level 21. HP: 211/211 MP: 8/8
 35992 | Elf:3    | Got a brightly glowing bone ring
 35993 | Elf:3    | Identified the ring "Poogh" {Int+4 Slay+3 Stlth+} (You
                  | found it on level 3 of the Elven Halls)
 36067 | Elf:3    | Found the +8 trident of the Octopus King {venom, rElec
                  | rPois MR+}
 36498 | Depths:1 | Entered Level 1 of the Depths
 36925 | Depths:1 | Found a gateway to Hell.
 37021 | Hell     | Entered the Vestibule of Hell
 37021 | Hell     | Noticed Geryon
 37022 | Hell     | Noticed Murray
 37063 | Depths:2 | Reached XP level 22. HP: 220/220 MP: 8/8
 37328 | Depths:2 | Reached skill level 22 in Shields
 37545 | Depths:2 | Noticed Asterion
 37555 | Depths:2 | Killed Asterion
 37650 | Depths:2 | Found a one-way gate to the infinite horrors of the Abyss.
 37745 | Depths:2 | Noticed a golden dragon
 37771 | Depths:2 | Killed a golden dragon
 37816 | Depths:2 | Got a pair of smoking boots
 37824 | Depths:2 | Gained mutation: You are clumsy. (Dex -2) [mutagenic glow]
 37827 | Depths:2 | Identified the cursed -3 pair of boots of Irghaito {Rampage
                  | Dex-4 Slay+2} (You found it on level 2 of the Depths)
 38282 | Vaults:1 | Entered Level 1 of the Vaults
 38756 | Vaults:1 | Reached XP level 23. HP: 205/229 MP: 9/9
 38943 | Vaults:1 | Reached skill level 15 in Dodging
 39604 | Vaults:2 | Upgraded the game from 0.26-a0-639-g72c4674329 to
                  | 0.26-a0-651-gb41185065b
 39662 | Vaults:2 | Found a staircase to the Crypt.
 39728 | Vaults:2 | Got a faintly humming crystal plate armour
 39739 | Vaults:2 | Identified the +18 crystal plate armour "Borif" {rC+ rN+}
                  | (You found it on level 2 of the Vaults)
 40336 | Vaults:2 | Reached skill level 23 in Shields
 41566 | Vaults:3 | Reached XP level 24. HP: 241/241 MP: 9/9
 41597 | Vaults:3 | Found Paumixzo's Assorted Antiques.
 41940 | Vaults:4 | Noticed Frederick
 41962 | Vaults:4 | Killed Frederick
 42008 | Vaults:4 | Noticed Aizul
 42024 | Vaults:4 | Killed Aizul
 42296 | Vaults:4 | Noticed Margery
 42308 | Vaults:4 | Killed Margery
 42308 | Vaults:4 | Reached skill level 24 in Shields
 43100 | Vaults:5 | Entered Level 5 of the Vaults
 43333 | Vaults:5 | Found the cursed necklace of Bloodlust {*Rage +Rage MR++
                  | Int-3 Slay+6 *Curse}
 43334 | Vaults:5 | Found the +0 sword of Power
 43532 | Vaults:5 | Reached XP level 25. HP: 253/253 MP: 9/9
 43579 | Vaults:5 | Noticed an ancient lich
 43601 | Vaults:5 | Killed an ancient lich
 43615 | Vaults:5 | Got a silver rune of Zot
 43911 | Vaults:5 | Reached skill level 25 in Shields
 43944 | Vaults:5 | Identified the +8 short sword of Famucado {antimagic,
                  | *Corrode rC+ Int+5}
 44621 | Crypt:1  | Entered Level 1 of the Crypt
 44690 | Crypt:1  | Noticed an ancient lich
 44697 | Crypt:1  | Killed an ancient lich
 44714 | Crypt:1  | Found the +6 Majin-Bo {vamp, MP+6 Int+6}
 45309 | Crypt:1  | Noticed Boris
 45334 | Crypt:1  | Killed Boris
 45691 | Crypt:2  | Found a magical portal.
 45700 | WizLab   | Entered Doroklohe's Tomb
 46218 | Crypt:2  | Found an ancient bone altar of Kikubaaqudgha.
 46469 | Crypt:3  | Entered Level 3 of the Crypt
 46550 | Crypt:3  | Reached XP level 26. HP: 265/265 MP: 7/7
 46696 | Crypt:3  | Reached skill level 26 in Shields
 46853 | Crypt:3  | Noticed Mara
 46864 | Crypt:3  | Noticed Lovchig's illusion
 46890 | Crypt:3  | Killed Mara
 47036 | Crypt:3  | Found an ancient bone altar of Kikubaaqudgha.
 47413 | Crypt:3  | Noticed an ancient lich
 47429 | Crypt:3  | Killed an ancient lich
 47433 | Crypt:3  | Identified the ring of Wonder {+Blink +Fly rN+ Str+6 Int-2}
                  | (You found it on level 3 of the Crypt)
 47434 | Crypt:3  | Identified the ring of Dosheoji {*Slow rElec rN+ Int+3}
                  | (You found it on level 3 of the Crypt)
 47435 | Crypt:3  | Identified the ring "Cuharph" {*Corrode rC++ rN+ Dex+5}
                  | (You found it on level 3 of the Crypt)
 47714 | Crypt:3  | Found a staircase to the Tomb.
 47714 | Crypt:3  | Noticed a greater mummy
 47725 | Crypt:3  | Killed a greater mummy
 47923 | Tomb:1   | Entered Level 1 of the Tomb of the Ancients
 48005 | Tomb:1   | Noticed a greater mummy
 48028 | Tomb:1   | Killed a greater mummy
 48085 | Tomb:1   | Noticed a greater mummy
 48099 | Tomb:1   | Killed a greater mummy
 48664 | Tomb:2   | Noticed Sojobo
 48669 | Tomb:2   | Killed Sojobo
 48669 | Tomb:2   | Noticed a greater mummy
 48669 | Tomb:2   | Noticed a greater mummy
 48669 | Tomb:2   | Noticed a greater mummy
 48672 | Tomb:2   | Noticed a greater mummy
 48673 | Tomb:2   | Noticed a greater mummy
 48687 | Tomb:2   | HP: 13/265 [??? (2)]
 48690 | Tomb:2   | HP: 6/265 [sixfirhy[a greater mummy] (5)]
 48690 | Tomb:2   | HP: 2/265 [jiangshi[a greater mummy] (4)]
 48690 | Tomb:2   | Slain by a jiangshi

Illustrated notes

Levels and vault maps discovered:
D:1:      eino_arrival_cavern_b, layout_basic, chequers_serial_rivers_micro_a,
          st_stairs_13
D:2:      layout_loops_corners, overflow_temple_1_default,
          makhleb_heckhound_becter, uniq_jessica
D:3:      layout_basic, roderic_batcave
D:4:      layout_layer_cave, grunt_temple_overflow_holy_war,
          nicolae_overflow_crystal_walls, gammafunk_ghost_arena, uniq_robin,
          uniq_menkaure
D:5:      layout_loops_ring, temple_hall, portal_sewer_entry_b, serial_shops,
          shop, kennysheep_generic_room_7, uniq_grinder
D:6:      layout_rooms, grunt_temple_overflow_order_and_chaos_1,
          grunt_ministairs_9
D:7:      layout_loops_corners, gammafunk_temple_overflow_elements,
          enter_ossuary_5, nicolae_ashenzari_panopticon, uniq_crazy_yiuf_cottage
D:8:      layout_cave_pools, okawaru_humans, minmay_misc_feat_ornament
D:9:      layout_loops_ring, grunt_temple_overflow_open,
          grunt_lair_entry_orc_guard_hut, david_orc_3
D:10:     layout_irregular_city, kennysheep_decorative_pillar, minmay_orc_keep,
          uniq_gastronok
D:11:     layout_loops_corners, muffindrake_ghost_dual_entry, fungi_pond_lemuel,
          kennysheep_flooded_box, uniq_erolcha
D:12:     layout_irregular_city, serial_shops, shop, minmay_misc_feat_alley,
          lightli_fourway_metalbox
D:13:     layout_long_grid, lightli_vaults_fourway_checkpoint,
          gammafunk_ghost_stat_death, minmay_misc_feat_rugged
D:14:     layout_irregular_city, minmay_strange_pillars
D:15:     hangedman_depths_entry_try_elsewhere_first, layout_layer_cave,
          chequers_avenue
Lair:1:   layout_chaotic_city
Lair:2:   layout_regular_city, gauntlet_entry_generic, minmay_lindwurm_lava,
          lemuel_fruit_tree, lemuel_fruit_fields, lemuel_fruit_fields
Lair:3:   minmay_lair_oklob_tunnel, layout_regular_city, shoals_dummy_entry,
          guppyfry_snake_entry_garden, enter_volcano_2, minmay_holes,
          serial_bayou_lagoon_a, beast_lair_carwin_7
Lair:4:   layout_regular_city, infiniplex_staircase_pool, uniq_snorg
Lair:5:   layout_small_grid, basic_altar, grunt_megastairs_5, uniq_nessos
Lair:6:   hangedman_lair_caniforms_friends, layout_misc_corridors, wormcave,
          slime_altar_1, st_stairs_6, bh_autumn_forest_stairs,
          cheibrodos_lair_lostbears
Shoals:1: layout_shoals, abandoned_shop
Shoals:2: layout_shoals
Shoals:3: layout_shoals, nicolae_shoals_c_island, uniq_ilsuiw
Shoals:4: shoals_end_grunt_ice, layout_shoals,
          portal_ice_cave_entry_pillars_four, overgrown_tower
Snake:1:  layout_gridlike, serial_shops, shop_fountains
Snake:2:  layout_layer_cave, basic_altar, minmay_shoptagon, grunt_megastairs_2
Snake:3:  layout_cave_pods, grunt_ministairs_7, nrook_guardian_serpent_double
Snake:4:  snake_pit, layout_gridlike, serial_shops, bzr_entry_road, drop_trap,
          serial_bayou_shore_a
Slime:1:  layout_caves, cheibrodos_slime_lost_civilization_5
Slime:2:  layout_caves, cheibrodos_slime_lost_civilization_7
Slime:3:  layout_caves
Slime:4:  layout_caves
Slime:5
Orc:1:    layout_caves, uniq_fannar
Orc:2:    st_orc_mages, layout_caves, serial_shops, nicolae_shop_behind_doors
Elf:1:    eino_elf_arrival_sip, layout_loops_corners, serial_shops,
          nicolae_shop_trees, hangedman_elf_represent, uniq_jorgrun
Elf:2:    layout_geoelf_grid, serial_shops, shop
Elf:3:    grunt_elf_hall_diamonds, layout_geoelf_castle
Vaults:1: vaults_room_fancy_cross, v_misc_5, grunt_vaults_funneled_arena,
          v_rooms_6, v_misc_11, nicolae_vaults_theta, v_misc_19,
          nicolae_vaults_three_branches, v_misc_28,
          nicolae_vaults_border_crossing, layout_vaults_maze_bifur
Vaults:2: blue_anna_dwarven_crypt, ontoclasm_vaults_loading_screen, v_rooms_2,
          vaults_mumra_lcd, nicolae_vaults_circle_grid_b,
          vaults_room_glass_cross, ontoclasm_vaults_twist, vaults_dpeg_ring,
          layout_vaults_omnigrid
Vaults:3: hangedman_vaults_hat, v_pattern_1, vaults_room_ringed_pool,
          hangedman_vaults_locks, vaults_room_pool,
          nicolae_vaults_ninety_degrees, vaults_room_octagon, v_misc_10,
          vaults_room_stairs_pillars, vaults_mumra_hex, vaults_room_pool,
          layout_vaults_omnicross, serial_shops, shop
Vaults:4: nicolae_vaults_puzzle_piece, ontoclasm_vaults_decontamination,
          v_misc_24, nicolae_vaults_triangles, nicolae_vaults_network_barrier,
          v_misc_23, nicolae_vaults_little_squares_2,
          vaults_room_stairs_pillars, vaults_standard_mumra_x,
          hangedman_vaults_variations, hangedman_vaults_maws,
          layout_vaults_chaotic_city, uniq_margery, uniq_aizul, uniq_frederick
Vaults:5
Crypt:1:  minmay_guarded_unrand_majin_bo, layout_basic, hangedman_batty,
          uniq_boris
Crypt:2:  layout_chaotic_city, basic_altar, mu_enter_wizlab_3
Crypt:3:  evilmike_haunted_forest, uniq_mara
Tomb:1
Tomb:2:   uniq_sojobo
Depths:1: layout_cave_pools, minmay_misc_feat_secret_circle, grunt_hell_horde,
          evilmike_ambush [evilmike_ambush_outer_basic,
          evilmike_ambush_inner_cross], serial_bayou_shore_b
Depths:2: minmay_the_grid_triangle_9x9_rhombus_thin
          [minmay_the_grid_triangle_9x9_corrupted_corridor,
          minmay_the_grid_triangle_9x9_prize_insulated,
          minmay_the_grid_triangle_9x9_impossible_snake,
          minmay_the_grid_triangle_9x9_thin_v], layout_gridlike, moated_statue,
          abyss_entry_small_statue_room, pf_hell_entry_tar_spiral, uniq_asterion
Hell

Skill      XL: |  1  2  3  4  5  6  7  8  9 10 11 12 13 14 15 16 17 18 19 20 21 22 23 24 25 26 |
---------------+-------------------------------------------------------------------------------+-----
Fighting       | 3 4 5 6 7 8 9 11 12 13 14 15 16 17 18 19 | 19.5
Axes           | 3 4 5 6 8 10 11 13 14 16 17 18 19 20 21 22 23 24 | 24.0
Dodging        | 1 2 3 5 6 7 8 9 10 11 12 13 14 15 16 17 | 17.3
Shields        | 4 5 6 7 8 9 10 11 12 14 16 17 19 20 21 22 23 24 25 26 | 26.7
Armour         | 4 5 6 7 8 9 10 11 12 13 14 15 16 17 18 | 18.5

Action                   |  1- 3 |  4- 6 |  7- 9 | 10-12 | 13-15 | 16-18 | 19-21 | 22-24 | 25-27 || total
-------------------------+-------+-------+-------+-------+-------+-------+-------+-------+-------++-------
Melee: War axe           |    70 |   219 |   410 |   655 |  1683 |  1704 |  1169 |  1262 |   979 ||  8151
       Flail             |       |       |       |     8 |    13 |       |       |       |       ||    21
       Scimitar          |       |       |       |       |    15 |       |       |       |       ||    15
Invok: Greater Servant o |       |       |       |       |       |     5 |     3 |     1 |       ||     9
 Abil: Heal Wounds       |       |     1 |     7 |     3 |       |     6 |    39 |     4 |    26 ||    86
Evoke: Tin of tremorston |       |       |       |       |       |     1 |       |       |       ||     1
       Box of beasts     |       |       |       |       |       |       |     3 |       |       ||     3
  Use: Scroll            |     5 |     5 |     8 |     5 |     9 |    26 |    19 |     8 |     7 ||    92
       Potion            |       |       |     3 |       |     3 |       |     6 |       |       ||    12
 Stab: Petrified         |       |       |       |       |    24 |       |       |       |       ||    24
       Confused          |       |       |       |       |       |     1 |       |       |       ||     1
       Held in net/web   |       |       |       |       |       |     1 |       |       |       ||     1
       Distracted        |       |       |       |       |       |       |     2 |       |       ||     2
       Sleeping          |       |       |       |       |       |       |     1 |       |       ||     1
Armor: Scale mail        |    46 |    64 |       |       |       |       |       |       |       ||   110
       Chain mail        |       |    55 |    25 |       |       |       |       |       |       ||    80
       Plate armour      |       |       |   212 |   363 |   888 |   818 |   481 |    65 |       ||  2827
       Crystal plate arm |       |       |       |       |       |       |       |   206 |   457 ||   663
Dodge: Dodged            |    27 |    79 |   105 |   142 |   426 |   571 |   395 |   270 |   360 ||  2375
Block: Kite shield       |    45 |   142 |   273 |   380 |  1160 |  1619 |       |       |       ||  3619
       Reflection        |       |       |       |       |     8 |   148 |    78 |   139 |    16 ||   389
       Tower shield      |       |       |       |       |       |   487 |  1437 |  1524 |  1391 ||  4839
       Rpst.: Scimitar   |       |       |       |       |     3 |       |       |       |       ||     3

Table legend: (Time is in decaauts)
 A = Elapsed time spent in this place.
 B = Non-inter-level travel time spent in this place.
 C = Inter-level travel time spent in this place.
 D = Time resting spent in this place.
 E = Time spent auto-exploring this place.
 F = Levels seen in this place.
 G = Mean time per level.
                   A        B        C        D        E       F      G
               +--------+--------+--------+--------+--------+-----+--------+
         Total |  49233 |  46176 |   3057 |    234 |  32616 |  58 |  848.8 |
       Dungeon |  14471 |  13708 |    763 |      0 |  10104 |  15 |  964.7 |
          Lair |   6300 |   5673 |    627 |      0 |   4126 |   6 | 1050.0 |
        Shoals |   3332 |   3067 |    265 |      0 |   2130 |   4 |  833.0 |
     Snake Pit |   4024 |   3724 |    300 |      0 |   2897 |   4 | 1006.0 |
    Slime Pits |   3485 |   3206 |    279 |    230 |   2012 |   5 |  697.0 |
  Orcish Mines |   1455 |   1352 |    103 |      0 |    995 |   2 |  727.5 |
   Elven Halls |   2917 |   2814 |    103 |      4 |   1834 |   3 |  972.3 |
        Vaults |   5986 |   5709 |    277 |      0 |   3823 |   5 | 1197.2 |
         Crypt |   2955 |   2813 |    142 |      0 |   1916 |   3 |  985.0 |
          Tomb |    740 |    672 |     68 |      0 |    451 |   2 |  370.0 |
        Depths |   1633 |   1507 |    126 |      0 |   1108 |   2 |  816.5 |
          Hell |      1 |      1 |      0 |      0 |      0 |   1 |    1.0 |
        Bazaar |     35 |     35 |      0 |      0 |     31 |   1 |   35.0 |
       Ossuary |    369 |    369 |      0 |      0 |    262 |   1 |  369.0 |
      Ice Cave |    368 |    368 |      0 |      0 |    148 |   1 |  368.0 |
       Volcano |    597 |    597 |      0 |      0 |    421 |   1 |  597.0 |
        Wizlab |    179 |    179 |      0 |      0 |    150 |   1 |  179.0 |
      Gauntlet |    378 |    378 |      0 |      0 |    203 |   1 |  378.0 |
               +--------+--------+--------+--------+--------+-----+--------+

Top non-repeatable levels by time:
  Lair:6: 1478 daAuts
    D:11: 1416 daAuts
     D:4: 1390 daAuts
 Snake:2: 1385 daAuts
 Crypt:3: 1383 daAuts
Vaults:4: 1333 daAuts
    D:15: 1327 daAuts
    D:13: 1291 daAuts
Vaults:1: 1240 daAuts
  Lair:3: 1235 daAuts
Vaults:5: 1220 daAuts
Vaults:3: 1099 daAuts
Vaults:2: 1092 daAuts
 Slime:5: 1090 daAuts
   Elf:3: 1083 daAuts
